 Dungeon Crawl Stone Soup version 0.31-a0-217-g58bb5d79cf (webtiles) character file.

Game seed: 1676697116407971796

59 qw the Shooter (level 3, -1/29 HPs)
             Began as a Minotaur Hexslinger on July 2, 2023.
             Slain by Natasha (4 damage)
             ... on level 2 of the Dungeon.
             The game lasted 00:00:35 (1579 turns).

qw the Shooter (Minotaur Hexslinger)                Turns: 1579, Time: 00:00:36

Health: -1/29      AC:  7    Str: 12    XL:     3   Next: 78%
Magic:  3/3        EV: 11    Int: 10    God:
Gold:   69         SH:  0    Dex: 14    Spells: 3/4 levels left

rFire   . . .        Y - +1 sling
rCold   . . .        (no shield)
rNeg    . . .        h - +0 ring mail
rPois   .            (helmet restricted)
rElec   .            j - +0 cloak
rCorr   .            e - +0 pair of gloves
SInv    .            (no boots)
Will    .....        (no amulet)
Stlth   +            (no ring)
HPRegen 0.24/turn    (no ring)
MPRegen 0.08/turn

%: no passive effects
@: no status effects
A: horns 2, retaliatory headbutt
a: no special abilities


You were on level 2 of the Dungeon.
You visited 1 branch of the dungeon, and saw 2 of its levels.

You collected 69 gold pieces.


Innate Abilities, Weirdness & Mutations

You have a pair of horns on your head.
You reflexively headbutt those who attack you in melee.


   Skills:
 - Level 2.0 Fighting
 + Level 4.2 Ranged Weapons
 - Level 1.0 Armour
 - Level 2.1 Dodging
 - Level 1.0 Spellcasting
 - Level 2.0 Hexes


You had 3 spell levels left.
You knew the following spells:

 Your Spells              Type           Power      Damage    Failure   Level
a - Slow                  Hex            16%        N/A       34%         1

Your spell library contained the following spells:

 Spells                   Type           Power      Damage    Failure   Level
 Inner Flame              Hex/Fire       2%         N/A       83%         3
 Portal Projectile        Hex/Tloc       4%         N/A       83%         3
 Cause Fear               Hex            2%         N/A       98%         4

Inventory:

Hand Weapons
 Y - a +1 sling (weapon)
Armour
 e - a +0 pair of gloves (worn)
 h - a +0 ring mail (worn)
 j - a +0 cloak (worn)
Scrolls
 a - a scroll of fog {unknown}
 c - 2 scrolls of amnesia {unknown}
 i - 2 scrolls of teleportation
Potions
 b - a potion of attraction {unknown}
 d - a potion of might {unknown}

Dungeon Overview and Level Annotations

Branches:
Dungeon (2/15)

Altars:

Annotations:
D:2 Natasha


Message History

Natasha casts a spell at you. You resist with significant effort.
You shoot a sling bullet.
The sling bullet hits Natasha but does no damage.
Natasha is lightly wounded.
The cerulean imp closely misses you. Natasha claws you.
You shoot a sling bullet. The sling bullet misses Natasha.
The cerulean imp hits you from afar with a +1 spear.
Natasha misses you.
You shoot a sling bullet. The sling bullet barely misses Natasha.
The cerulean imp hits you from afar with a +1 spear.
Natasha mumbles some strange words.
The cerulean imp hits you from afar with a +1 spear.
Natasha claws you but does no damage.
You shoot a sling bullet.
The sling bullet hits Natasha but does no damage.
The cerulean imp hits you but does no damage.
The cerulean imp closely misses you. Natasha barely misses you.
You furiously retaliate!
You headbutt Natasha. You shoot a sling bullet.
The sling bullet closely misses Natasha.
The cerulean imp hits you from afar with a +1 spear.
Natasha casts a spell.
The cerulean imp hits you but does no damage.
You shoot a sling bullet.
The sling bullet hits Natasha but does no damage.
Natasha is moderately wounded.
The cerulean imp hits you from afar with a +1 spear.
The cerulean imp hits you from afar with a +2 spear.
Natasha barely misses you.
The cerulean imp hits you with a +2 spear.
You shoot a sling bullet.
The sling bullet completely misses Natasha.
The cerulean imp hits you from afar with a +1 spear.
The cerulean imp barely misses you. Natasha closely misses you.
You furiously retaliate!
You headbutt Natasha.
The cerulean imp hits you with a +2 spear.
The cerulean imp hits you but does no damage. x2
Natasha claws you.
You die...

### ##.## # ###
##.#.####### ..#
#.###...)... #.#
##.#.####### #####.#
##.## # ##.5...# #.# #
####...#5.#####.# #
......h@.>......# #
#.#....#..####### ####
#...?5##..###########.##
#.#..> #.............#.#
. #.. #.############.##
#.. #.........# #.## ..
#########.# #.## ##. #.#
#.## #.# #...


You could see Natasha and 3 cerulean imps.

Vanquished Creatures
  An adder (D:2)
  A dart slug (D:1)
  2 endoplasms (D:2)
  2 giant cockroaches (D:1)
  6 goblins
  4 hobgoblins
  6 jackals (D:1)
  7 kobolds
  A quokka (D:1)
  3 ball pythons
  6 bats (D:1)
  4 frilled lizards
  2 rats
45 creatures vanquished.

Notes
Turn   | Place    | Note
-------+----------+-------------------------------------------
     0 | D:1      | qw the Minotaur Hexslinger began the quest for the Orb.
     0 | D:1      | Reached XP level 1. HP: 16/16 MP: 1/1
     0 | D:1      | 0 ||| qw: Version: 0.3-a-40-ge99b1a8
     0 | D:1      | 0 ||| qw: Game counter: 8
     0 | D:1      | 0 ||| qw: Melee chars always use a shield: true
     0 | D:1      | 0 ||| qw: God list: Okawaru
     0 | D:1      | 0 ||| qw: Allow faded altars: false
     0 | D:1      | 0 ||| qw: Do Orc after clearing Dungeon:15 true
     0 | D:1      | 0 ||| qw: Do second Lair branch before Depths: true
     0 | D:1      | 0 ||| qw: Lair rune preference: random
     0 | D:1      | 0 ||| qw: Goals: Normal
     0 | D:1      | 0 ||| PLANNING D:1-11
   132 | D:1      | Reached skill level 3 in Ranged Weapons
   132 | D:1      | Reached XP level 2. HP: 23/23 MP: 2/2
   440 | D:1      | Reached XP level 3. HP: 29/29 MP: 3/3
   807 | D:1      | 807 ||| UPGRADING to +0 pair of gloves.
   812 | D:1      | 812 ||| UPGRADING to +0 leather armour.
   822 | D:1      | 822 ||| DROPPING +0 robe.
   823 | D:1      | 823 ||| UPGRADING to +0 ring mail.
   833 | D:1      | 833 ||| DROPPING +0 leather armour.
   834 | D:1      | 834 ||| UPGRADING to +0 cloak.
   839 | D:1      | 839 ||| DROPPING +6 ring of intelligence.
   840 | D:1      | 840 ||| READING 2 scrolls labelled FUECYA YXZU.
   841 | D:1      | 841 ||| READING scroll labelled RAIFEETH OPLOAME.
   942 | D:1      | 942 ||| READING 3 scrolls labelled HIMOJU FESIN.
   945 | D:1      | 945 ||| DROPPING scroll of noise.
   946 | D:1      | 946 ||| DROPPING scroll of poison.
  1175 | D:2      | 1175 ||| Stepping ~*~*~tactically~*~*~ (outnumbered).
  1187 | D:2      | Reached skill level 1 in Armour
  1369 | D:2      | Reached skill level 4 in Ranged Weapons
  1377 | D:2      | Found a faded altar of an unknown god.
  1566 | D:2      | Noticed Natasha
  1569 | D:2      | 1569 ||| Stepping ~*~*~tactically~*~*~ (outnumbered).
  1579 | D:2      | HP: 6/29 [cerulean imp/+1 spear[Natasha] (3)]
  1579 | D:2      | Slain by Natasha

Levels and vault maps discovered:
D:1:      matt_arrival_spirals, layout_basic
D:2:      layout_loops_ring, chequers_ecumenical_altar_simple_redux,
          palyth_stone_intersect, minmay_diced_spiral, uniq_natasha

Skill      XL: |  1  2  3 |
---------------+----------+-----
Ranged Weapons | 3 4 |  4.2
Fighting       | 2 |  2.0
Armour         | 1 |  1.0
Dodging        | |  2.1
Spellcasting   | |  1.0
Hexes          | |  2.0

Action                     || total
---------------------------++-------
   Fire: Sling             ||   136
    Use: Scroll            ||     3
 Armour: Robe              ||     8
         Ring mail         ||    27
  Dodge: Dodged            ||    60

Table legend:
 A = Non-vault XP
 B = Vault XP
 C = Vault XP percentage of total XP
 D = Non-vault monster count
 E = Vault monster count
 F = Vault count percentage of total count
                 A         B        C        D         E       F
            +---------+---------+-------+---------+---------+-------
      Total |      81 |       4 |   4.7 |      42 |       3 |   6.7
            +---------+---------+-------+---------+---------+-------
        D:1 |      50 |       0 |   0.0 |      30 |       0 |   0.0
        D:2 |      31 |       4 |  11.4 |      12 |       3 |  20.0
            +---------+---------+-------+---------+---------+-------
